 Dungeon Crawl Stone Soup version 0.19.0 (webtiles) character file.

204 Danakh the Shield-Bearer (level 6, -4/43 HPs)
             Began as a Halfling Fighter on Nov 3, 2016.
             Slain by a wyvern skeleton (7 damage)
             ... on level 3 of the Dungeon.
             The game lasted 00:06:29 (1748 turns).

Danakh the Shield-Bearer (Halfling Fighter)         Turns: 1748, Time: 00:06:29

Health: -4/43      AC:  8    Str: 21 (22) XL:     6   Next: 9%
Magic:  0/6        EV:  9    Int:  5 (6)  God:
Gold:   172        SH: 10    Dex: 15 (16) Spells: 0 memorised, 5 levels left

rFire  . . .     SeeInvis .     a - +0 war axe
rCold  . . .     Gourm    .     b - +0 scale mail
rNeg   . . .     Faith    .     c - +0 shield
rPois  .         Spirit   +     (no helmet)
rElec  .         Reflect  .     r - +0 cloak
rCorr  .         Harm     .     (no gloves)
MR     .....                    (no boots)
Stlth  ..........               l - amulet of guardian spirit
                                (no ring)
                                (no ring)

@: mighty
A: mutation resistance 1
a: no special abilities


You were on level 3 of the Dungeon.
You were not hungry.

You visited 1 branch of the dungeon, and saw 3 of its levels.

You collected 172 gold pieces.

Inventory:

Hand Weapons
 a - a +0 war axe (weapon)
Armour
 b - a +0 scale mail (worn)
 c - a +0 shield (worn)
 r - a +0 cloak (worn)
Jewellery
 l - an amulet of guardian spirit (around neck)
 y - an uncursed ring of stealth {unknown}
Scrolls
 g - 2 scrolls of amnesia {unknown}
 i - 4 scrolls of teleportation {unknown}
 j - a scroll of fear {unknown}
 m - 3 scrolls of enchant armour {unknown}
 p - a scroll of immolation {unknown}
 q - a scroll of identify {unknown}
 t - 2 scrolls of remove curse {unknown}
 u - a scroll of random uselessness {unknown}
 x - a scroll of enchant weapon {unknown}
Potions
 d - 2 potions of might
 e - 2 potions of degeneration
 h - a potion of flight {unknown}
 k - a potion of brilliance {unknown}
 o - a potion of heal wounds {unknown}
 s - 4 potions of curing
Books
 v - a book of Changes

   Spells                             Type                      Level
   a - Beastly Appendage              Transmutation                1
   b - Sticks to Snakes               Transmutation                2
   c - Spider Form                    Transmutation/Poison         3
   d - Ice Form                       Ice/Transmutation            4
   e - Blade Hands                    Transmutation                5
Comestibles
 f - a bread ration
 n - 2 beef jerkies
 w - 2 meat rations
 z - 2 chunks of flesh


   Skills:
 + Level 3.7 Fighting
 + Level 3.3 Axes
 + Level 4.2 Armour
 + Level 4.5 Shields


You had 5 spell levels left.
You didn't know any spells.

Dungeon Overview and Level Annotations

Branches:
Dungeon (3/15)

Altars:


Innate Abilities, Weirdness & Mutations

You are small and have problems with some larger weapons.
You are somewhat resistant to further mutation.


Message History

You block the wyvern skeleton's attack. The wyvern skeleton bites you.
You hit the wyvern skeleton.
The wyvern skeleton is moderately damaged.
The wyvern skeleton bites you. You block the wyvern skeleton's attack.
You hit the wyvern skeleton.
The wyvern skeleton is moderately damaged.
The wyvern skeleton bites you! The wyvern skeleton bites you.
You hit the wyvern skeleton.
The wyvern skeleton is heavily damaged.
The wyvern skeleton bites you! x2
* * * LOW HITPOINT WARNING * * *
You are too injured to fight recklessly!
You are too injured to fight recklessly!
You feel very mighty all of a sudden. The wyvern skeleton bites you!
* * * LOW HITPOINT WARNING * * *
You slash the wyvern skeleton!
The wyvern skeleton is almost destroyed.
The wyvern skeleton bites you!
You die...

...#......†...#(...#
#########
..##..........#....#
###############....###
#.>....# #....#....
#..####+## #..# #..#
##@# #.Z...⌠..
###...... .⌠...⌠ .....
##+##


You could see a wyvern skeleton.

Vanquished Creatures
  2 orc wizards (D:3)
  6 adders
  An adder skeleton (D:3)
  A worm (D:3)
  3 dart slugs
  3 leopard geckos
  8 orcs (D:3)
  5 giant cockroaches
  6 goblins
  7 hobgoblins
  8 jackals (D:2)
  2 kobolds (D:1)
  3 ball pythons (D:1)
  9 bats
  4 frilled lizards
  A rat (D:2)
69 creatures vanquished.

Notes
Turn   | Place    | Note
-------+----------+-------------------------------------------
     0 | D:1      | Danakh the Halfling Fighter began the quest for the Orb.
     0 | D:1      | Reached XP level 1. HP: 15/15 MP: 1/1
   129 | D:1      | Reached XP level 2. HP: 20/20 MP: 2/2
   676 | D:1      | Reached XP level 3. HP: 22/25 MP: 3/3
   955 | D:2      | Reached XP level 4. HP: 24/31 MP: 2/4
  1369 | D:3      | Reached XP level 5. HP: 14/36 MP: 3/5
  1576 | D:3      | Reached XP level 6. HP: 42/42 MP: 6/6
  1748 | D:3      | Slain by a wyvern skeleton

Skill      XL: |  1  2  3  4  5 |
---------------+----------------+-----
Fighting       | 3 |  3.7
Shields        | 4 |  4.5
Axes           | 3 |  3.3
Armour         | 4 |  4.2

Action                   |  1- 3 |  4- 6 || total
-------------------------+-------+-------++-------
Melee: War axe           |    92 |   161 ||   253
  Use: Potion            |       |     3 ||     3
  Eat: Chunk             |       |     3 ||     3
Armor: Scale mail        |    55 |    72 ||   127
Dodge: Dodged            |    44 |    66 ||   110
Block: Shield            |    59 |   108 ||   167
